[Event "Titled Tuesday Blitz May 16 Early 2023"]
[White "Topalov, Aleksandar"]
[Black "Horak, Martin"]
[WhiteFideId "925659"]
[BlackFideId "367095"]
[WhiteElo "2151"]
[BlackElo "2091"]
[Result "0-1"]
[Round "10"]
[TimeControl "180+2"]
[Date "2023.05.16"]
[WhiteClock "0:00:00"]
[BlackClock "0:00:16"]

1. b3 d5 2. Bb2 Bf5 3. Nf3 e6 4. g3 h6 5. Bg2 Nf6 6. O-O Be7 7. d3 O-O 8. Nbd2 Bh7 9. c4 c6 10. a3 a5 11. Qb1 Na6 12. Bc3 Nc5 13. b4 Na4 14. Bd4 axb4 15. axb4 b5 16. cxb5 cxb5 17. Rc1 Nd7 18. Qc2 Bxb4 19. Rab1 Qe7 20. Qc6 Rfb8 21. Rxb4 Qxb4 22. Qxd7 Rd8 23. Qc6 Bg6 24. Rb1 Rac8 25. Qa6 Qd6 26. Qxd6 Rxd6 27. Rxb5 Nc3 28. Bxc3 Rxc3 29. Rb8+ Kh7 30. h3 Ra6 31. Rb1 Ra2 32. Kf1 Rcc2 33. Ke1 f6 34. Rd1 Rcb2 35. Nd4 Bf7 36. f4 e5 37. fxe5 fxe5 38. N4f3 e4 39. Nd4 Rb4 40. Nc6 Rb6 41. Ne5 e3 42. Ndf3 Rbb2 43. Bf1 Be6 44. Nd4 Bc8 0-1


[Site "https://www.chess.com"]

[Event "Titled Tuesday Blitz May 16 Early 2023"]
[White "Bethke, Richard"]
[Black "Li, Hui"]
[WhiteFideId "12959243"]
[BlackFideId "15400310"]
[WhiteElo "2369"]
[BlackElo "1966"]
[Result "1-0"]
[Round "10"]
[TimeControl "180+2"]
[Date "2023.05.16"]
[WhiteClock "0:00:19"]
[BlackClock "0:00:00"]

1. e4 e5 2. Nf3 Nf6 3. Bc4 Nxe4 4. Nc3 Nc6 5. Bxf7+ Kxf7 6. Nxe4 d5 7. Ng3 e4 8. Ng1 h5 9. Nxh5 Qh4 10. Ng3 Bg4 11. N1e2 Nd4 12. d3 Bc5 13. Be3 Nxe2 14. Bxc5 Nxg3 15. fxg3 Qxg3+ 16. hxg3 Rxh1+ 17. Kd2 Rxd1+ 18. Rxd1 Bxd1 19. Kxd1 b6 20. Be3 Re8 21. d4 Ke6 22. Bf4 c5 23. Be5 g6 24. c3 Kf5 25. Bc7 e3 26. Ke2 Ke4 27. Be5 cxd4 28. Bxd4 Kf5 29. Bxe3 Kg4 30. Kf2 Rxe3 31. Kxe3 Kxg3 32. b3 Kxg2 33. Kf4 Kf2 34. c4 d4 35. Ke4 g5 36. b4 g4 37. c5 bxc5 38. bxc5 g3 39. c6 g2 40. c7 g1=Q 41. c8=Q Ke1 42. Qc1+ Kf2 43. Qd2+ Kf1 44. Qd1+ Kg2 45. Qf3+ Kh2 46. Qh5+ Kg2 47. Qg4+ Kf1 48. Qf3+ Qf2 49. Qh1+ Qg1 50. Qf3+ Qf2 51. Qa3 Kg2 52. Qxa7 Qe3+ 53. Kd5 1-0


[Site "https://www.chess.com"]

[Event "Titled Tuesday Blitz May 16 Early 2023"]
[White "Melikhov, Evgeny V."]
[Black "Bilan, Danila"]
[WhiteFideId "4122046"]
[BlackFideId "24161918"]
[WhiteElo "2158"]
[BlackElo "2182"]
[Result "1/2-1/2"]
[Round "10"]
[TimeControl "180+2"]
[Date "2023.05.16"]
[WhiteClock "0:00:10"]
[BlackClock "0:00:03"]

1. d4 d5 2. c4 c6 3. Nc3 Nf6 4. e3 e6 5. Nf3 Nbd7 6. Bd3 Bd6 7. O-O e5 8. cxd5 cxd5 9. dxe5 Nxe5 10. Nxe5 Bxe5 11. Bb5+ Bd7 12. Bxd7+ Qxd7 13. Ne2 O-O 14. Nd4 Ne4 15. b3 Nc3 16. Qd3 Bxd4 17. exd4 Ne4 18. f3 Nd6 19. Ba3 Rfe8 20. Bxd6 Qxd6 21. Rfe1 Qb4 22. Kf2 g6 23. Rad1 Rac8 24. Rxe8+ Rxe8 25. Rd2 Rc8 26. Re2 Rc3 27. Qd2 Kg7 28. Re3 Rxb3 29. Qxb4 Rxb4 30. Rd3 Rb2+ 31. Kg3 Rxa2 32. Rb3 b6 33. h4 Ra4 34. Rd3 h5 35. Kf4 Kf6 36. g4 Rb4 37. gxh5 gxh5 38. Ke3 a5 39. Rc3 Rc4 40. Rb3 Rb4 41. Rc3 a4 42. Rc7 a3 43. Ra7 Rb3+ 44. Kf4 b5 45. Ra6+ Kg7 46. Ke5 Rb2 47. Rxa3 b4 48. Ra6 Rf2 49. Rb6 Rxf3 50. Rxb4 Rh3 51. Kxd5 Rxh4 52. Ke5 Rg4 53. Rb1 Kg6 54. d5 f6+ 55. Ke6 Re4+ 56. Kd7 f5 57. d6 Kg5 58. Rd1 f4 59. Kc7 Rc4+ 60. Kb7 Rb4+ 61. Kc7 Rc4+ 62. Kb7 Rb4+ 63. Kc7 Rc4+ 1/2-1/2


[Site "https://www.chess.com"]

[Event "Titled Tuesday Blitz May 16 Early 2023"]
[White "Ladan, Nicholas"]
[Black "Buchenau, Frank"]
[WhiteFideId "30918855"]
[BlackFideId "4604350"]
[WhiteElo "2167"]
[BlackElo "2157"]
[Result "1/2-1/2"]
[Round "10"]
[TimeControl "180+2"]
[Date "2023.05.16"]
[WhiteClock "0:00:05"]
[BlackClock "0:00:07"]

1. d4 e6 2. Nf3 Nf6 3. Bf4 d5 4. e3 c5 5. c3 Nc6 6. Nbd2 Bd6 7. Bd3 O-O 8. Bg3 b6 9. O-O Bb7 10. Ne5 Qc7 11. f4 Ne7 12. Rc1 Ne4 13. Bxe4 dxe4 14. Ndc4 Ba6 15. b3 f6 16. Ng4 Nf5 17. Re1 Be7 18. Nd2 h5 19. Nf2 h4 20. Nfxe4 hxg3 21. hxg3 Rac8 22. g4 Nd6 23. c4 Nxe4 24. Nxe4 f5 25. Ng5 Bxg5 26. fxg5 Qg3 27. Qf3 Qxg4 28. Qxg4 fxg4 29. d5 exd5 30. cxd5 Rf5 31. e4 Re5 32. Kf2 Rf8+ 33. Ke3 Rxg5 34. Rcd1 Re5 35. Rd2 Rfe8 36. Kf4 Bc8 37. d6 g5+ 38. Kg3 Rd8 39. Rf1 Bd7 40. Rf6 Kg7 41. Rf1 Rxe4 42. Rd5 Kg6 43. a4 Re3+ 44. Kh2 Rh8+ 45. Kg1 g3 46. b4 Rhe8 47. bxc5 bxc5 48. Rxc5 Re1 49. a5 R8e6 50. a6 Rxf1+ 51. Kxf1 Rxd6 52. Ke2 Rxa6 53. Kf3 Ra3+ 54. Ke4 a5 55. Rc1 Ra4+ 56. Kf3 Ra3+ 57. Ke4 Bf5+ 58. Ke5 Re3+ 59. Kd4 Rd3+ 60. Ke5 a4 61. Rc6+ Kh5 62. Kxf5 Rd5+ 63. Ke4 Ra5 64. Rc1 a3 65. Kf3 a2 66. Ra1 Ra3+ 67. Ke2 Kg4 68. Kf1 Kf4 69. Ke2 Ke4 70. Kf1 Kd3 71. Ke1 Kc2 72. Ke2 Kb2 73. Rd1 a1=Q 74. Rd2+ Kb3 75. Rc2 Kxc2 1/2-1/2


[Site "https://www.chess.com"]

[Event "Titled Tuesday Blitz May 16 Early 2023"]
[White "Nastase, Robert-Paul"]
[Black "Mayeregger, Arnold"]
[WhiteFideId "1221175"]
[BlackFideId "3705226"]
[WhiteElo "2175"]
[BlackElo "2038"]
[Result "1-0"]
[Round "10"]
[TimeControl "180+2"]
[Date "2023.05.16"]
[WhiteClock "0:00:05"]
[BlackClock "0:00:00"]

1. e4 c5 2. Nc3 Nc6 3. Bb5 g6 4. f4 Nd4 5. Nf3 Bg7 6. Nxd4 cxd4 7. Ne2 e6 8. c3 dxc3 9. dxc3 Ne7 10. Be3 a6 11. Ba4 b5 12. Bc2 d5 13. O-O Bb7 14. exd5 Nxd5 15. Bc5 Qc7 16. Bd4 O-O 17. Bxg7 Kxg7 18. Qd4+ Kg8 19. Rad1 Rfd8 20. Ng3 Rac8 21. Ne4 f5 22. Ng5 Qc6 23. Nf3 Qc5 24. Qxc5 Rxc5 25. Nd4 Bc8 26. Rde1 Kf7 27. Bb3 Kf6 28. Re5 Rc7 29. g3 b4 30. Rfe1 bxc3 31. bxc3 Rxc3 32. Nxe6 Bxe6 33. Rxe6+ Kg7 34. Rd1 Rc5 35. Re5 Rdc8 36. Rexd5 Rxd5 37. Rxd5 Rc1+ 38. Rd1 Rc6 39. Kg2 Kf6 40. h3 h6 41. h4 g5 42. Rd7 g4 43. Rf7+ Kg6 44. Rd7 a5 45. Rd5 Re6 46. Rxa5 Re2+ 47. Kg1 Re3 48. Kf2 Rf3+ 49. Kg2 Rd3 50. Rd5 Re3 51. Rd6+ Kg7 52. h5 Re2+ 53. Kf1 Rh2 54. Rg6+ Kh7 55. Bg8+ Kh8 56. Be6 Rxh5 57. Rf6 Kg7 58. Rxf5 Rh3 59. Kg2 Kg6 60. Rf8 h5 61. f5+ Kg5 62. f6 h4 63. gxh4+ Rxh4 64. f7 g3 65. Rg8+ Kf4 66. f8=Q+ 1-0


[Site "https://www.chess.com"]

[Event "Titled Tuesday Blitz May 16 Early 2023"]
[White "Matveeva, Olga"]
[Black "Santarius, Erik"]
[WhiteFideId "24107018"]
[BlackFideId "2025817"]
[WhiteElo "2009"]
[BlackElo "2300"]
[Result "0-1"]
[Round "10"]
[TimeControl "180+2"]
[Date "2023.05.16"]
[WhiteClock "0:00:00"]
[BlackClock "0:00:08"]

1. d4 d5 2. c4 e6 3. Nf3 Nf6 4. g3 Bb4+ 5. Bd2 Be7 6. Bg2 O-O 7. O-O Nbd7 8. Qc2 Ne4 9. Rd1 c6 10. Nc3 f5 11. Be1 Bd6 12. b3 Qf6 13. e3 g5 14. Ne2 Rf7 15. Rac1 Nf8 16. b4 Bd7 17. a4 Ng6 18. b5 h5 19. bxc6 bxc6 20. cxd5 cxd5 21. Ba5 f4 22. exf4 gxf4 23. Ne5 Bxe5 24. dxe5 Qxe5 25. Bxe4 dxe4 26. Bc7 Qg5 27. Qxe4 Raf8 28. Rxd7 Rxd7 29. Qxe6+ Rff7 30. Nxf4 Kh7 31. Bd8 Nxf4 32. Qe4+ Qg6 33. Qe8 Nh3+ 34. Kg2 Nf4+ 35. Kg1 Nd3 0-1


[Site "https://www.chess.com"]

[Event "Titled Tuesday Blitz May 16 Early 2023"]
[White "Szente Varga, Fruzsina"]
[Black "Khamdamova, Afruza"]
[WhiteFideId "712264"]
[BlackFideId "14210444"]
[WhiteElo "1994"]
[BlackElo "2312"]
[Result "0-1"]
[Round "10"]
[TimeControl "180+2"]
[Date "2023.05.16"]
[WhiteClock "0:00:00"]
[BlackClock "0:00:04"]

1. e4 e5 2. Nf3 Nf6 3. Nc3 Nc6 4. d4 exd4 5. Nd5 Bb4+ 6. Nxb4 Nxb4 7. Bg5 d6 8. Nxd4 Qe7 9. Bd3 Nxd3+ 10. cxd3 Qe5 11. Bxf6 Qxf6 12. Nb5 Qe7 13. Rc1 c6 14. Nc3 O-O 15. O-O Be6 16. f4 f5 17. Qe2 Qf7 18. b3 Rae8 19. Qf2 b6 20. Rce1 Bd7 21. e5 dxe5 22. fxe5 c5 23. Qf3 Be6 24. Nb5 Qd7 25. Nd6 Rd8 26. Qe3 Qc6 27. Qg5 Qd7 28. Rf3 Kh8 29. Ref1 g6 30. Rh3 Qg7 31. Re1 Rd7 32. Rg3 a6 33. h4 Qe7 34. Qf4 Bg8 35. Kf2 b5 36. Rh1 Qe6 37. h5 gxh5 38. Rxh5 Qd5 39. Qh4 Qxe5 0-1


[Site "https://www.chess.com"]

[Event "Titled Tuesday Blitz May 16 Early 2023"]
[White "Manon-og, Ramon Jr."]
[Black "Shapiro, Viktor"]
[WhiteFideId "5200776"]
[BlackFideId "4175700"]
[WhiteElo "2331"]
[BlackElo "2152"]
[Result "1-0"]
[Round "10"]
[TimeControl "180+2"]
[Date "2023.05.16"]
[WhiteClock "0:00:14"]
[BlackClock "0:00:03"]

1. e4 Nf6 2. e5 Nd5 3. d4 d6 4. Nf3 Bg4 5. Be2 e6 6. O-O Be7 7. h3 Bh5 8. c4 Nb6 9. Nc3 O-O 10. Bf4 N8d7 11. Qc2 Bxf3 12. Bxf3 dxe5 13. dxe5 Nxc4 14. Bxb7 Rb8 15. Be4 Rxb2 16. Bxh7+ Kh8 17. Qe4 Nc5 18. Qxc4 Kxh7 19. Rad1 Qa8 20. Be3 Qc6 21. Rc1 Qa6 22. Qg4 Nd3 23. Rcd1 Rd8 24. Ne4 Rb4 25. Qh5+ Kg8 26. f3 Rd5 27. Ng5 Bxg5 28. Qxg5 c5 29. f4 c4 30. f5 Rxe5 31. Qd8+ Kh7 32. f6 Qa5 33. Qf8 Rg5 34. Bxg5 Qxg5 35. fxg7 Qxg7 36. Rxf7 1-0


[Site "https://www.chess.com"]

[Event "Titled Tuesday Blitz May 16 Early 2023"]
[White "Lehtosaari, Mauri"]
[Black "Mikhaylova, Irina"]
[WhiteFideId "501999"]
[BlackFideId "4109040"]
[WhiteElo "2491"]
[BlackElo "1975"]
[Result "1-0"]
[Round "10"]
[TimeControl "180+2"]
[Date "2023.05.16"]
[WhiteClock "0:00:18"]
[BlackClock "0:00:00"]

1. d4 Nf6 2. Nf3 g6 3. Bg5 Bg7 4. Nbd2 d5 5. e3 O-O 6. Bd3 c5 7. c3 b6 8. O-O Ba6 9. Bxa6 Nxa6 10. a4 Nb8 11. Qb3 Nc6 12. Rfd1 c4 13. Qa2 h6 14. Bxf6 Bxf6 15. e4 e6 16. exd5 exd5 17. b3 cxb3 18. Qxb3 Qd6 19. Nf1 Na5 20. Qa2 Nc4 21. N3d2 Nxd2 22. Rxd2 Bg5 23. Rd3 Rac8 24. g3 h5 25. h4 Bh6 26. Re1 Rfe8 27. Ne3 Bxe3 28. Rdxe3 Rxe3 29. Rxe3 Qc6 30. a5 b5 31. a6 Qc4 32. Qxc4 Rxc4 33. Re7 Rxc3 34. Rxa7 Ra3 35. Rb7 Rxa6 36. Rxb5 Rd6 37. Kg2 Kg7 38. Kf3 Kf6 39. Kf4 Ke6 40. f3 Ra6 41. g4 hxg4 42. fxg4 Rc6 43. h5 gxh5 44. gxh5 Rd6 45. Kg5 Rd8 46. Rb6+ Ke7 47. h6 Rg8+ 48. Kf5 Rg1 49. Rb7+ Kf8 50. Rb8+ Ke7 51. h7 Rf1+ 52. Kg4 Rg1+ 53. Kf3 Rh1 54. h8=Q Rxh8 55. Rxh8 1-0


[Site "https://www.chess.com"]

[Event "Titled Tuesday Blitz May 16 Early 2023"]
[White "Blokhin, Sofia"]
[Black "Mrudul Dehankar"]
[WhiteFideId "4508190"]
[BlackFideId "25096990"]
[WhiteElo "1994"]
[BlackElo "2139"]
[Result "1-0"]
[Round "10"]
[TimeControl "180+2"]
[Date "2023.05.16"]
[WhiteClock "0:00:06"]
[BlackClock "0:00:01"]

1. d4 Nf6 2. c4 e6 3. Nc3 Bb4 4. f3 d5 5. a3 Bxc3+ 6. bxc3 c5 7. cxd5 Nxd5 8. Qd3 Nc6 9. e4 Nb6 10. Be3 c4 11. Qc2 O-O 12. Nh3 Qe7 13. Qa2 Na5 14. Be2 Bd7 15. O-O f5 16. Qc2 Ba4 17. Qb2 Nb3 18. Rae1 h6 19. Bf2 Rad8 20. Bd1 Qf7 21. Bc2 f4 22. Bh4 g5 23. Bf2 Qg7 24. Bd1 Rfe8 25. Kh1 h5 26. Ng1 Rf8 27. e5 g4 28. Bh4 Rde8 29. Bf6 Qg6 30. Bc2 Qh6 31. Ne2 Nd5 32. Bh4 Rf7 33. Bf2 Ref8 34. Be4 Bc6 35. Nc1 Rg7 36. Nxb3 cxb3 37. Qxb3 g3 38. Bg1 Qg5 39. h3 a6 40. c4 Ne7 41. Bxc6 Nxc6 42. Qc3 Ne7 43. Qd3 Nf5 44. d5 Rd8 45. d6 Rgd7 46. Bb6 Kf7 47. Bxd8 Qxd8 48. c5 Qh4 49. Qc4 Ne3 50. Rxe3 1-0


[Site "https://www.chess.com"]

[Event "Titled Tuesday Blitz May 16 Early 2023"]
[White "Aakanksha Hagawane"]
[Black "Lesbekova, Assel"]
[WhiteFideId "25014510"]
[BlackFideId "13713248"]
[WhiteElo "2081"]
[BlackElo "1805"]
[Result "0-1"]
[Round "10"]
[TimeControl "180+2"]
[Date "2023.05.16"]
[WhiteClock "0:00:00"]
[BlackClock "0:00:04"]

1. e4 c5 2. Nf3 Nc6 3. d4 cxd4 4. Nxd4 e5 5. Nb5 d6 6. c4 Be7 7. N1c3 a6 8. Na3 Be6 9. Be3 Rc8 10. Rc1 Nf6 11. Be2 O-O 12. O-O Nd7 13. Nc2 Kh8 14. b3 f5 15. f4 exf4 16. Bxf4 Nde5 17. Ne3 fxe4 18. Nxe4 Qb6 19. Qd2 Qd4 20. Qxd4 Nxd4 21. Bd1 Nd3 22. Bxd6 Nxc1 23. Bxe7 Nce2+ 24. Kh1 Rxf1+ 25. Nxf1 Re8 26. Bc5 Bg8 27. Nd6 Rf8 28. Ne3 Rf6 29. h3 b6 30. Ba3 Nc3 31. Bg4 Nb1 32. Bb4 a5 33. Ne4 Rf4 34. Bc3 Rxe4 35. Bxd4 Rxd4 36. Nf5 Rd8 37. Ne7 Re8 38. Nc6 Nc3 39. a3 Nb1 40. a4 Nd2 41. Nd4 Rd8 42. Nc6 Rf8 43. Nd4 g6 44. Kg1 Kg7 45. Be2 Ne4 46. Bf3 Nc5 47. Bc6 Kf6 48. Bf3 Ke5 49. Nc6+ Kf4 50. Nd4 Ke3 0-1


[Site "https://www.chess.com"]

[Event "Titled Tuesday Blitz May 16 Early 2023"]
[White "Dobre, Claudiu-Cristian"]
[Black "Jodorcovsky Werjivker, Paulo"]
[WhiteFideId "1211854"]
[BlackFideId "3700305"]
[WhiteElo "2207"]
[BlackElo "2120"]
[Result "0-1"]
[Round "10"]
[TimeControl "180+2"]
[Date "2023.05.16"]
[WhiteClock "0:00:00"]
[BlackClock "0:00:33"]

1. e4 e5 2. Nf3 Nc6 3. d4 exd4 4. Nxd4 Qf6 5. Nxc6 Bc5 6. Qf3 dxc6 7. Bc4 Ne7 8. Qxf6 gxf6 9. Bh6 Rg8 10. g3 Ng6 11. Nd2 Ne5 12. Bf4 Bh3 13. Bxe5 fxe5 14. Ke2 Rg6 15. Rad1 Rd8 16. Nb3 Bb6 17. Rxd8+ Kxd8 18. a4 a5 19. f3 Ke7 20. Rd1 h5 21. Ke1 Rf6 22. Ke2 Rxf3 23. Kxf3 Bg4+ 24. Kg2 Bxd1 25. Bd3 Kd6 26. Nd2 Kc5 27. h3 f6 28. Nb1 h4 29. g4 Kb4 30. Nc3 Bxc2 31. Bxc2 Be3 32. Kf3 Bd2 33. Nd1 b5 34. Ke2 Bf4 35. Ne3 bxa4 36. Kd3 a3 37. bxa3+ Kxa3 38. Nc4+ Kb4 39. Nb2 Bc1 40. Nc4 a4 41. Bd1 a3 42. Nxa3 Bxa3 43. Be2 Kb3 44. Bd1+ Kb4 45. Bc2 c5 46. Bd1 c4+ 47. Kc2 Kc5 0-1


[Site "https://www.chess.com"]

[Event "Titled Tuesday Blitz May 16 Early 2023"]
[White "Turzo, Attila"]
[Black "MANOJ_MISHRA123"]
[WhiteFideId "704954"]
[WhiteElo "2457"]
[BlackElo "2191"]
[Result "1-0"]
[Round "10"]
[TimeControl "180+2"]
[Date "2023.05.16"]
[WhiteClock "0:00:39"]
[BlackClock "0:00:09"]

1. d4 Nf6 2. c4 g6 3. g3 Bg7 4. Bg2 O-O 5. Nc3 d6 6. Nf3 Nbd7 7. O-O c6 8. h3 Qc7 9. e4 e5 10. Be3 Ne8 11. Qd2 f5 12. exf5 gxf5 13. Bh6 e4 14. Nh4 Ndf6 15. Qg5 Qf7 16. Bxg7 Qxg7 17. Qxg7+ Nxg7 18. d5 cxd5 19. Nxd5 Nxd5 20. cxd5 Bd7 21. Rfc1 Rac8 22. f3 f4 23. g4 e3 24. Bf1 Rxc1 25. Rxc1 Rc8 26. Rxc8+ Bxc8 27. Ng2 Ne8 28. Nxf4 Nf6 29. g5 Nd7 30. Ng2 Ne5 31. Be2 Bxh3 32. Nxe3 Kg7 33. f4 Nd7 34. Nc4 Nb6 35. Nxb6 axb6 36. Kf2 Kg6 37. Ke3 Kf5 38. Bd3+ Kg4 39. Bxh7 Bg2 40. Be4 Bf1 41. g6 1-0


[Site "https://www.chess.com"]

[Event "Titled Tuesday Blitz May 16 Early 2023"]
[White "Mohammed, Zozek Salah Mohammed"]
[Black "Sailer, Mike"]
[WhiteFideId "4803361"]
[BlackFideId "2012901"]
[WhiteElo "2211"]
[BlackElo "2109"]
[Result "0-1"]
[Round "10"]
[TimeControl "180+2"]
[Date "2023.05.16"]
[WhiteClock "0:02:36"]
[BlackClock "0:02:43"]

1. d4 d5 2. Nf3 Bf5 3. c4 e6 4. Nbd2 Nc6 5. g3 Nb4 6. e4 dxe4 7. Nh4 e3 8. Nxf5 exd2+ 9. Bxd2 exf5 10. Bxb4 Bxb4+ 11. Qd2 Bxd2+ 12. Kxd2 0-1


[Site "https://www.chess.com"]

[Event "Titled Tuesday Blitz May 16 Early 2023"]
[White "Tokman, Ariel"]
[Black "Tarasova, Viktoriya"]
[WhiteFideId "117420"]
[BlackFideId "4175840"]
[WhiteElo "2263"]
[BlackElo "2182"]
[Result "0-1"]
[Round "10"]
[TimeControl "180+2"]
[Date "2023.05.16"]
[WhiteClock "0:00:03"]
[BlackClock "0:00:04"]

1. e4 e5 2. Nf3 Nc6 3. Bc4 Bc5 4. d3 Nf6 5. h3 h6 6. a3 a5 7. Qe2 d6 8. Be3 Bxe3 9. Qxe3 Be6 10. Ba2 Bxa2 11. Rxa2 O-O 12. O-O Re8 13. Nc3 d5 14. exd5 Nxd5 15. Qe4 Nxc3 16. bxc3 Qd6 17. Rb1 b6 18. Rb5 Rad8 19. a4 Qe6 20. Ra1 f5 21. Qh4 e4 22. Re1 Qg6 23. dxe4 fxe4 24. Nh2 Rd2 25. Qf4 Rxc2 26. Qxc7 e3 27. Rf1 exf2+ 28. Rxf2 Re1+ 29. Nf1 Ree2 30. Rxe2 Rxe2 31. Qg3 Qe4 32. Rxb6 Ne5 33. Rb8+ Kh7 34. Rd8 Re1 35. Rd2 Qf5 36. Rf2 Rxf1+ 37. Rxf1 Qe4 38. Qf2 Ng6 39. Qf5 Qe3+ 40. Qf2 Qxc3 41. Kh2 Qc7+ 42. Qg3 Qc4 43. Rf3 Qxa4 44. h4 Qb5 45. Rf4 Nxf4 46. Qxf4 a4 47. Qe4+ Kg8 48. Qe8+ Qxe8 0-1


[Site "https://www.chess.com"]

[Event "Titled Tuesday Blitz May 16 Early 2023"]
[White "Kuznetsov, Mikhail"]
[Black "Skaric, Djuro"]
[WhiteFideId "4117190"]
[BlackFideId "934569"]
[WhiteElo "1981"]
[BlackElo "2282"]
[Result "1-0"]
[Round "10"]
[TimeControl "180+2"]
[Date "2023.05.16"]
[WhiteClock "0:00:05"]
[BlackClock "0:00:00"]

1. Nf3 g6 2. h4 h5 3. g3 Nh6 4. Bg2 Bg7 5. d4 O-O 6. O-O d6 7. e4 Nc6 8. c3 e5 9. Bg5 Qe8 10. Re1 Bg4 11. dxe5 Nxe5 12. Nbd2 f6 13. Bxh6 Bxh6 14. Qb3+ Kg7 15. Qxb7 Nd3 16. Re2 Rf7 17. b3 a5 18. Qd5 Ne5 19. Ree1 Be6 20. Qd4 Rd8 21. Nf1 c5 22. Qd1 Ng4 23. c4 Qe7 24. N1h2 Kg8 25. Nxg4 Bxg4 26. Qd5 Be6 27. Qd3 Bg7 28. Rad1 g5 29. e5 gxh4 30. exd6 Qd7 31. Nxh4 f5 32. Bd5 Bxd5 33. Qxd5 Bd4 34. Nf3 Qxd6 35. Re8+ Rxe8 36. Qxd6 Kg7 37. Nxd4 cxd4 38. Qxd4+ Kg6 39. Qd6+ Rf6 40. Qf4 Re4 41. Qc7 Rfe6 42. Rd6 f4 43. Kg2 f3+ 44. Kxf3 Re5 45. Rxe6+ Rxe6 46. Qd7 Rf6+ 47. Kg2 Kg5 48. Qd5+ Kg6 49. Qg8+ Kf5 50. Qd5+ Kg6 51. Qxa5 Re6 52. Qd2 Kf6 53. Qd4+ Kf5 54. Qd5+ Kf6 55. Qxe6+ Kxe6 56. a4 Ke5 57. a5 1-0


[Site "https://www.chess.com"]

[Event "Titled Tuesday Blitz May 16 Early 2023"]
[White "Ansh M Shah"]
[Black "Baches Garcia, Guillermo"]
[WhiteFideId "25033379"]
[BlackFideId "2209764"]
[WhiteElo "2084"]
[BlackElo "2479"]
[Result "0-1"]
[Round "10"]
[TimeControl "180+2"]
[Date "2023.05.16"]
[WhiteClock "0:00:20"]
[BlackClock "0:00:14"]

1. d4 d5 2. c4 e6 3. g3 h6 4. Bg2 Nf6 5. Nf3 Bd6 6. O-O O-O 7. Nbd2 c5 8. Qc2 cxd4 9. Nxd4 Nc6 10. Nxc6 bxc6 11. b3 e5 12. Bb2 Be6 13. Rfd1 Qe7 14. Rac1 Rac8 15. e3 Rfd8 16. Nf3 Bg4 17. h3 Bh5 18. Nh4 Bxd1 19. Rxd1 Qe6 20. Nf5 Bf8 21. g4 g6 22. Ng3 Bg7 23. Qe2 dxc4 24. bxc4 Rxd1+ 25. Qxd1 Qxc4 26. Bxe5 Qxa2 27. Qd4 Qe6 28. Ne4 c5 29. Nxc5 Qb6 30. Na4 Qxd4 31. Bxd4 a5 32. Bf1 Nd7 33. Bxg7 Kxg7 34. Bb5 Nc5 35. Nc3 Rb8 36. Kf1 Ne4 37. Nxe4 Rxb5 38. Ke2 Rb2+ 39. Kd3 a4 40. Kc3 a3 41. Nc5 Rxf2 42. Nb3 a2 43. Kd3 Rf1 44. Ke2 a1=Q 45. Nxa1 Rxa1 0-1


[Site "https://www.chess.com"]

[Event "Titled Tuesday Blitz May 16 Early 2023"]
[White "Smith, Shreyas"]
[Black "Toncheva, Nadya"]
[WhiteFideId "7400713"]
[BlackFideId "2924056"]
[WhiteElo "2151"]
[BlackElo "2101"]
[Result "0-1"]
[Round "10"]
[TimeControl "180+2"]
[Date "2023.05.16"]
[WhiteClock "0:00:00"]
[BlackClock "0:00:12"]

1. e4 c5 2. Nf3 Nc6 3. Bb5 e6 4. O-O Nge7 5. d4 cxd4 6. Nxd4 a6 7. Be2 Nxd4 8. Qxd4 Nc6 9. Qc3 Qf6 10. Qg3 Bc5 11. Nc3 Nd4 12. Bd3 Qg6 13. Qc7 Be7 14. h3 O-O 15. e5 Qh5 16. Ne4 Nc6 17. f4 b5 18. Be3 Rb8 19. Nd6 Bd8 20. Qxc8 Rxc8 21. Nxc8 Bc7 22. Nd6 Bxd6 23. exd6 Qd5 24. Rad1 Qxa2 25. b3 Qb2 26. Be4 Rc8 27. Rf2 Qf6 28. Rfd2 h6 29. g3 h5 30. Kg2 Qc3 31. Kf2 Qb4 32. Bf3 a5 33. Bb6 a4 34. bxa4 bxa4 35. Bc7 Qc5+ 36. Kg2 a3 37. Be4 a2 38. c3 Qxc3 39. Rxa2 Qe3 40. Bf3 Nd4 41. Rf1 Nf5 0-1


[Site "https://www.chess.com"]

[Event "Titled Tuesday Blitz May 16 Early 2023"]
[White "Osinovsky, Stepan"]
[Black "Prieto Aranguren, Alain"]
[WhiteFideId "4157354"]
[BlackFideId "2268906"]
[WhiteElo "2222"]
[BlackElo "2209"]
[Result "0-1"]
[Round "10"]
[TimeControl "180+2"]
[Date "2023.05.16"]
[WhiteClock "0:00:00"]
[BlackClock "0:01:14"]

1. Nf3 Nf6 2. g3 Nc6 3. Bg2 e5 4. O-O e4 5. Ne1 d5 6. d3 exd3 7. Nxd3 Be7 8. b3 O-O 9. Bb2 Bg4 10. Nd2 Qd7 11. Nf3 Bh3 12. Rc1 Bxg2 13. Kxg2 Rad8 14. c4 dxc4 15. Rxc4 Qc8 16. Qc2 Nd5 17. a3 Nb6 18. Re4 Rfe8 19. Nf4 Bf8 20. Ng5 Qf5 21. h4 h6 22. Rc4 Qxc2 23. Rxc2 hxg5 24. hxg5 Bd6 25. Nh5 Be5 26. f4 Bxb2 27. Rxb2 Nd4 28. Kf2 Nd5 29. Re1 Ne3 30. b4 b5 0-1


[Site "https://www.chess.com"]

[Event "Titled Tuesday Blitz May 16 Early 2023"]
[White "Liu, Casper"]
[Black "Marcziter, Dmitrii"]
[WhiteFideId "1454153"]
[BlackFideId "13900765"]
[WhiteElo "2221"]
[BlackElo "2162"]
[Result "0-1"]
[Round "10"]
[TimeControl "180+2"]
[Date "2023.05.16"]
[WhiteClock "0:00:01"]
[BlackClock "0:00:08"]

1. d4 Nf6 2. Bf4 g6 3. h4 h5 4. Nf3 Bg7 5. Nbd2 d5 6. e3 Bf5 7. Ne5 Nbd7 8. Bd3 Bxd3 9. cxd3 Nxe5 10. dxe5 Nh7 11. Qb3 Rb8 12. Rc1 c6 13. e6 fxe6 14. Bxb8 Qxb8 15. Rxc6 O-O 16. Rxe6 Bf6 17. Qxd5 Kh8 18. d4 Rd8 19. Qb3 Qc7 20. O-O Bxh4 21. Nf3 Bf6 22. Ne5 Kg7 23. Qd3 Nf8 24. Rxf6 exf6 25. Nc4 Rc8 26. Na3 a6 27. d5 Nd7 28. Rd1 Ne5 29. Qe4 Qd6 30. f4 Ng4 31. Nc4 Qc5 32. d6 b5 33. d7 Rd8 34. b4 Qf8 35. Na5 Qf7 36. Qc6 Qe7 37. e4 Qxb4 38. Qb6 Qa4 39. Rf1 Rxd7 40. Nc6 Qxe4 41. Kh1 Qe2 42. Qg1 Rd2 43. Re1 Qd3 44. Re7+ Kh6 45. Re1 Qg3 46. Qf1 Qh2# 0-1


[Site "https://www.chess.com"]

[Event "Titled Tuesday Blitz May 16 Early 2023"]
[White "Grossboss19"]
[Black "Rian, Kapriaga"]
[BlackFideId "7103263"]
[WhiteElo "2426"]
[BlackElo "2318"]
[Result "1-0"]
[Round "10"]
[TimeControl "180+2"]
[Date "2023.05.16"]
[WhiteClock "0:00:26"]
[BlackClock "0:00:00"]

1. e4 c6 2. d3 d5 3. Nd2 e5 4. Ngf3 Bd6 5. g3 Nf6 6. Bg2 O-O 7. O-O Nbd7 8. c3 Re8 9. Qc2 Nf8 10. Re1 dxe4 11. Nxe4 Nxe4 12. dxe4 b6 13. Be3 Ba6 14. Rad1 Qc7 15. Bf1 Bxf1 16. Kxf1 Rad8 17. Nd2 f6 18. Kg2 Ne6 19. b4 a5 20. a3 b5 21. Nb3 axb4 22. cxb4 Bf8 23. Rxd8 Rxd8 24. Rc1 Ra8 25. Na5 c5 26. Qd3 Rxa5 27. bxa5 Qxa5 28. Qd5 Qb6 29. Rb1 Kf7 30. Qd7+ Be7 31. Rxb5 Qd6 32. Qxd6 Bxd6 33. Rb7+ Ke8 34. a4 Kd8 35. a5 Kc8 36. Rf7 Nc7 37. Rxg7 c4 38. Rxh7 c3 39. h4 c2 40. h5 Ba3 41. h6 c1=Q 42. Bxc1 Bxc1 43. Rh8+ Kb7 44. h7 1-0


[Site "https://www.chess.com"]